SNL (28 & UNDER)
GAINESVILLE GUIDOS @ WEST PALM REDS
08/03/2023
 
TOP OF THE 1ST
Gainesville Guidos batting - Pitching for West Palm Reds : LHP Pat Candelária
Pitching: LHP Pat Candelária
Batting: RHB Noriyori Ine 0-0: Ball
1-0: Ball
2-0: Ground out 4-3 (Groundball, 4)
Batting: RHB Pedro Mata 0-0: Ball
1-0: Swinging Strike
1-1: Ground out 5-3 (Groundball, 5)
Batting: RHB José Fernández 0-0: Called Strike
0-1: Foul Ball, location: 2F
0-2: Ball
1-2: Ground out 6-3 (Groundball, 6M)
Top of the 1st over - 0 run(s), 0 hit(s), 0 error(s), 0 left on base; Gainesville 0 - West Palm 0
BOTTOM OF THE 1ST
West Palm Reds batting - Pitching for Gainesville Guidos : RHP Ronald Adams
Pitching: RHP Ronald Adams
Batting: SHB Francis Shaffer 0-0: Ground out 4-3 (Groundball, 4)
Batting: RHB Juan Vareas 0-0: Ball
1-0: Ball
2-0: Ball
3-0: Called Strike
3-1: DOUBLE (Line Drive, 5L)
Batting: LHB Enrique Cortéz 0-0: Called Strike
0-1: Ground out 3-1 (Groundball, 34S)
Juan Vareas to third
Batting: LHB Jeff McKinney 0-0: Called Strike
0-1: Swinging Strike
0-2: SINGLE (Groundball, 34D)
Juan Vareas scores
Batting: SHB Todd Smith 0-0: Ball
1-0: Ground out 1-3 (Groundball, 23)
Bottom of the 1st over - 1 run(s), 2 hit(s), 0 error(s), 1 left on base; Gainesville 0 - West Palm 1
TOP OF THE 2ND
Gainesville Guidos batting - Pitching for West Palm Reds : LHP Pat Candelária
Batting: LHB David Murphy 0-0: Called Strike
0-1: Swinging Strike
0-2: Strikes out looking
Batting: RHB Satoru Daikawa 0-0: Ball
1-0: SINGLE (Line Drive, 6MD)
Batting: LHB Ed Hart 0-0: Swinging Strike
0-1: Foul Ball, location: 2F
0-2: Ball
Wild Pitch!
Satoru Daikawa to second
1-2: Ball
Wild Pitch!
Satoru Daikawa to third
2-2: Ball
3-2: Strikes out looking
Batting: RHB Jason Saunders 0-0: Ball
1-0: Called Strike
1-1: Fly out, F3 (Popup, 3L)
Top of the 2nd over - 0 run(s), 1 hit(s), 0 error(s), 1 left on base; Gainesville 0 - West Palm 1
BOTTOM OF THE 2ND
West Palm Reds batting - Pitching for Gainesville Guidos : RHP Ronald Adams
Batting: RHB Jack Ray 0-0: Ball
1-0: Ball
2-0: Foul Ball, location: 2F
2-1: Ball
3-1: Base on Balls
Batting: LHB Jeff Doss 0-0: Ball
1-0: Fielders Choice at 2nd, 4-6 (Groundball, 4)
Batting: LHB Bill Smith 0-0: Ball
1-0: Ball
2-0: Foul Ball, location: 2F
2-1: Foul Ball, location: 2F
2-2: Grounds into double play, 4-6-3 (Groundball, 4)
Bottom of the 2nd over - 0 run(s), 0 hit(s), 0 error(s), 0 left on base; Gainesville 0 - West Palm 1
TOP OF THE 3RD
Gainesville Guidos batting - Pitching for West Palm Reds : LHP Pat Candelária
Batting: SHB Reynaldo Gallegos 0-0: Ground out 6-3 (Groundball, 6S)
Batting: RHB Iván Moreno 0-0: Called Strike
0-1: Ball
1-1: Called Strike
1-2: SINGLE (Groundball, 56D)
Batting: RHB Noriyori Ine 0-0: Ball
1-0: Called Strike
1-1: Swinging Strike
1-2: Strikes out swinging
Batting: RHB Pedro Mata 0-0: Ball
1-0: Ball
2-0: Ground out 5-3 (Groundball, 5)
Top of the 3rd over - 0 run(s), 1 hit(s), 0 error(s), 1 left on base; Gainesville 0 - West Palm 1
BOTTOM OF THE 3RD
West Palm Reds batting - Pitching for Gainesville Guidos : RHP Ronald Adams
Batting: SHB Alex Hayes 0-0: Fly out, F8 (Line Drive, 8LM)
Batting: SHB Francis Shaffer 0-0: Ball
1-0: Ball
2-0: Ball
3-0: Called Strike
3-1: Base on Balls
Batting: RHB Juan Vareas 0-0: Called Strike
0-1: Grounds into double play, 4-6-3 (Groundball, 4)
Bottom of the 3rd over - 0 run(s), 0 hit(s), 0 error(s), 0 left on base; Gainesville 0 - West Palm 1
TOP OF THE 4TH
Gainesville Guidos batting - Pitching for West Palm Reds : LHP Pat Candelária
Batting: RHB José Fernández 0-0: Ball
1-0: Ball
2-0: Ball
3-0: Called Strike
3-1: Foul Ball, location: 2F
3-2: SINGLE (Groundball, 6MD)
Batting: LHB David Murphy 0-0: Called Strike
0-1: Ball
1-1: Ball
2-1: Foul Ball, location: 2F
2-2: Grounds into double play, 4-6-3 (Groundball, 4)
Batting: RHB Satoru Daikawa 0-0: Ground out 6-3 (Groundball, 6M)
Top of the 4th over - 0 run(s), 1 hit(s), 0 error(s), 0 left on base; Gainesville 0 - West Palm 1
BOTTOM OF THE 4TH
West Palm Reds batting - Pitching for Gainesville Guidos : RHP Ronald Adams
Batting: LHB Enrique Cortéz 0-0: SINGLE (Line Drive, 56D)
Batting: LHB Jeff McKinney 0-0: Called Strike
0-1: Ball
1-1: Ball
2-1: Grounds out, U3 (Groundball, 3L)
Batting: SHB Todd Smith 0-0: Called Strike
0-1: Foul Ball, location: 2F
0-2: Ball
1-2: Ground out 4-3 (Groundball, 4)
Enrique Cortéz to third
Batting: RHB Jack Ray 0-0: Ball
1-0: Ball
2-0: Ball
3-0: Called Strike
3-1: Swinging Strike
3-2: Base on Balls
Batting: LHB Jeff Doss 0-0: Called Strike
0-1: Ball
1-1: Ball
2-1: Foul Ball, location: 2F
2-2: Strikes out swinging
Bottom of the 4th over - 0 run(s), 1 hit(s), 0 error(s), 2 left on base; Gainesville 0 - West Palm 1
TOP OF THE 5TH
Gainesville Guidos batting - Pitching for West Palm Reds : LHP Pat Candelária
Batting: LHB Ed Hart 0-0: Foul Ball, location: 2F
0-1: Called Strike
0-2: Strikes out swinging
Batting: RHB Jason Saunders 0-0: Called Strike
0-1: Swinging Strike
0-2: Strikes out looking
Batting: SHB Reynaldo Gallegos 0-0: SINGLE (Flyball, 9LS)
Batting: RHB Iván Moreno 0-0: Ball
1-0: Called Strike
1-1: Called Strike
1-2: Strikes out looking
Top of the 5th over - 0 run(s), 1 hit(s), 0 error(s), 1 left on base; Gainesville 0 - West Palm 1
BOTTOM OF THE 5TH
West Palm Reds batting - Pitching for Gainesville Guidos : RHP Ronald Adams
Batting: LHB Bill Smith 0-0: Foul Ball, location: 2F
0-1: Ball
1-1: Called Strike
1-2: Strikes out swinging
Batting: SHB Alex Hayes 0-0: Ball
1-0: Swinging Strike
1-1: Ball
Reached via error on a dropped throw, E3
Batting: SHB Francis Shaffer 0-0: Ball
1-0: Ball
2-0: Ball
3-0: Called Strike
3-1: Grounds into double play, 4-6-3 (Groundball, 4)
Bottom of the 5th over - 0 run(s), 0 hit(s), 1 error(s), 0 left on base; Gainesville 0 - West Palm 1
TOP OF THE 6TH
Gainesville Guidos batting - Pitching for West Palm Reds : LHP Pat Candelária
Batting: RHB Noriyori Ine 0-0: Called Strike
0-1: Swinging Strike
0-2: Strikes out swinging
Batting: RHB Pedro Mata 0-0: Called Strike
0-1: Ball
1-1: Called Strike
1-2: Ball
2-2: Ball
3-2: Base on Balls
Batting: RHB José Fernández 0-0: Ball
1-0: Ball
2-0: Ball
3-0: Called Strike
3-1: TRIPLE (Flyball, 7LM)
Pedro Mata scores
Batting: LHB David Murphy 0-0: Called Strike
0-1: Swinging Strike
0-2: Ball
Wild Pitch!
José Fernández scores
1-2: Ground out 4-3 (Groundball, 4M)
Batting: RHB Satoru Daikawa 0-0: Called Strike
0-1: Ball
1-1: Called Strike
1-2: Ball
2-2: Ball
3-2: Ground out 5-3 (Groundball, 5)
Top of the 6th over - 2 run(s), 1 hit(s), 0 error(s), 0 left on base; Gainesville 2 - West Palm 1
BOTTOM OF THE 6TH
West Palm Reds batting - Pitching for Gainesville Guidos : RHP Ronald Adams
Batting: RHB Juan Vareas 0-0: SINGLE (Flyball, 7S)
Batting: LHB Enrique Cortéz 0-0: Ball
1-0: Ball
2-0: Called Strike
2-1: SINGLE (Groundball, 4M)
Juan Vareas to second
Batting: LHB Jeff McKinney 0-0: DOUBLE (Groundball, 5L)
Juan Vareas scores
Enrique Cortéz to third
Runner from 3rd tries for Home, SAFE, no throw or cutoff
Batting: SHB Todd Smith 0-0: Called Strike
0-1: Ball
1-1: 2-RUN HOME RUN (Flyball, 8LXD), Distance : 435 ft
Batting: RHB Jack Ray 0-0: Called Strike
0-1: Ball
1-1: Hit by Pitch
Batting: LHB Jeff Doss 0-0: Ground out 3-1 (Groundball, 23)
Jack Ray to second
Batting: LHB Bill Smith 0-0: Intentional Walk
Batting: SHB Alex Hayes 0-0: Ball
Jack Ray steals 3rd base
Bill Smith to second
1-0: Intentional Walk
Batting: SHB Francis Shaffer 0-0: Fly out, F4 (Line Drive, 4)
Batting: RHB Juan Vareas 0-0: Ball
1-0: Swinging Strike
1-1: Foul Ball, location: 2F
1-2: Ball
2-2: Strikes out swinging
Bottom of the 6th over - 4 run(s), 4 hit(s), 0 error(s), 3 left on base; Gainesville 2 - West Palm 5
TOP OF THE 7TH
Gainesville Guidos batting - Pitching for West Palm Reds : LHP Pat Candelária
Batting: LHB Ed Hart 0-0: Ball
1-0: Foul Ball, location: 2F
1-1: Swinging Strike
1-2: Strikes out swinging
Batting: RHB Jason Saunders Single, Error in OF, E7, batter to second base
Batting: SHB Reynaldo Gallegos 0-0: Called Strike
0-1: Swinging Strike
0-2: Ball
1-2: Ball
2-2: Ball
3-2: Strikes out swinging
Batting: RHB Iván Moreno 0-0: Ball
Wild Pitch!
Jason Saunders to third
1-0: Ground out 1-3 (Groundball, 13)
Top of the 7th over - 0 run(s), 1 hit(s), 1 error(s), 1 left on base; Gainesville 2 - West Palm 5
BOTTOM OF THE 7TH
West Palm Reds batting - Pitching for Gainesville Guidos : RHP Ronald Adams
Pitching: LHP Mike Scott
Batting: LHB Enrique Cortéz 0-0: SINGLE (Line Drive, 34)
Batting: LHB Jeff McKinney 0-0: Called Strike
0-1: Ball
1-1: Fly out, F7 (Flyball, 78M)
Batting: SHB Todd Smith 0-0: Ball
1-0: Ball
2-0: Called Strike
2-1: Ball
3-1: Fly out, F2 (Popup, 2RF)
Batting: RHB Jack Ray 0-0: Called Strike
0-1: Ball
1-1: Swinging Strike
1-2: Ball
2-2: Fly out, F7 (Flyball, 7M)
Bottom of the 7th over - 0 run(s), 1 hit(s), 0 error(s), 1 left on base; Gainesville 2 - West Palm 5
TOP OF THE 8TH
Gainesville Guidos batting - Pitching for West Palm Reds : LHP Pat Candelária
Pitching: RHP Dave Woods
Now in CF: Jermaine Carter
Batting: RHB Noriyori Ine 0-0: Called Strike
0-1: Ball
1-1: Foul Ball, location: 2F
1-2: Ball
2-2: Foul Ball, location: 2F
2-2: Foul Ball, location: 2F
2-2: Foul Ball, location: 2F
2-2: Foul Ball, location: 2F
2-2: Ball
3-2: Foul Ball, location: 2F
3-2: Foul Ball, location: 2F
3-2: Foul Ball, location: 2F
3-2: Foul Ball, location: 2F
3-2: Base on Balls
Pitching: RHP Butch Ramey
Batting: RHB Pedro Mata 0-0: Called Strike
0-1: SINGLE (Flyball, 89S)
Noriyori Ine to second
Runner from 2nd tries for 3rd, SAFE, throw made to third
Batting: RHB José Fernández 0-0: Foul Ball, location: 2F
0-1: Ball
1-1: Ball
2-1: Foul Ball, location: 2F
2-2: Strikes out swinging
Batting: LHB David Murphy 0-0: Ball
1-0: Ball
2-0: SINGLE (Groundball, 4M)
Noriyori Ine scores
Pedro Mata to second
Batting: RHB Satoru Daikawa 0-0: Ball
1-0: Ball
2-0: Foul Ball, location: 2F
2-1: Ball
3-1: Foul Ball, location: 2F
3-2: Foul Ball, location: 2F
3-2: Foul Ball, location: 2F
3-2: Foul Ball, location: 2F
3-2: Base on Balls
Pedro Mata to third
David Murphy to second
Batting: LHB Ed Hart 0-0: Grounds into fielders choice 1-2 (Groundball, 13)
David Murphy to third
Satoru Daikawa to second
Pinch Hitting: LHB Marcos Villarreal 0-0: Ball
1-0: Called Strike
1-1: Foul Ball, location: 2F
1-2: Ball
2-2: Strikes out looking
Top of the 8th over - 1 run(s), 2 hit(s), 0 error(s), 3 left on base; Gainesville 3 - West Palm 5
BOTTOM OF THE 8TH
West Palm Reds batting - Pitching for Gainesville Guidos : LHP Mike Scott
Now at SS: Fernando Mendoza
Batting: LHB Jeff Doss 0-0: Ball
1-0: Foul Ball, location: 2F
1-1: Called Strike
1-2: Strikes out looking
Batting: LHB Bill Smith 0-0: Ball
1-0: Foul Ball, location: 2F
1-1: Swinging Strike
1-2: Foul Ball, location: 2F
1-2: Ball
2-2: SOLO HOME RUN (Line Drive, 9D), Distance : 384 ft
Batting: SHB Alex Hayes 0-0: Ball
1-0: Fly out, F5 (Popup, 5F)
Batting: SHB Francis Shaffer 0-0: Called Strike
0-1: Ball
1-1: Called Strike
1-2: Ball
2-2: Ball
3-2: Foul Ball, location: 2F
3-2: Foul Ball, location: 2F
3-2: DOUBLE (Line Drive, 78XD)
Pitching: RHP Lance Sanders
Batting: RHB Juan Vareas 0-0: Foul Ball, location: 2F
0-1: Ground out 1-3 (Groundball, 13S)
Bottom of the 8th over - 1 run(s), 2 hit(s), 0 error(s), 1 left on base; Gainesville 3 - West Palm 6
TOP OF THE 9TH
Gainesville Guidos batting - Pitching for West Palm Reds : RHP Butch Ramey
Pitching: RHP Kei Hashimoto
Now at 1B: Félix García
Batting: SHB Reynaldo Gallegos 0-0: Called Strike
0-1: Ball
1-1: Called Strike
1-2: Ball
2-2: Ball
3-2: Strikes out swinging
Batting: RHB Iván Moreno 0-0: Ball
1-0: Fly out, F9 (Flyball, 9M)
Batting: RHB Noriyori Ine 0-0: Ball
1-0: Foul Ball, location: 2F
1-1: Ball
2-1: Ball
3-1: Base on Balls
Batting: RHB Pedro Mata 0-0: Called Strike
0-1: Ball
1-1: Swinging Strike
1-2: Fly out, F7 (Flyball, 7M)
Top of the 9th over - 0 run(s), 0 hit(s), 0 error(s), 1 left on base; Gainesville 3 - West Palm 6
This league is powered by Out of the Park Baseball, the baseball management simulation game for PC, Mac and Linux
Wednesday, December 2nd, 2015 - OOTP Baseball 16.8 Build 38